 Dungeon Crawl Stone Soup version 0.29.0-13-gc9e81de378 (webtiles) character file.

Game seed: 12482616647394528265

198 Persephone the Ducker (level 5, -4/25 HPs)
             Began as a Felid Berserker on Sept 7, 2022.
             Was a Believer of Trog.
             Slain by a scorpion (6 damage)
             ... on level 4 of the Dungeon.
             The game lasted 00:06:37 (3548 turns).

Persephone the Ducker (Felid Berserker)             Turns: 3548, Time: 00:06:38

Health: -4/25      AC:  1    Str: 15    XL:     5   Next: 47%
Magic:  6/6        EV: 19    Int:  7    God:    Trog [**....]
Gold:   211        SH:  0    Dex: 15    Spells: 4/4 levels left
                                        Lives:  0   Deaths: 1

rFire   . . .      SeeInvis +     - Unarmed
rCold   . . .      Faith    .   (shield unavailable)
rNeg    . . .      Spirit   .   (body armour unavailable)
rPois   .          Reflect  .   (helmet unavailable)
rElec   .          Harm     .   (cloak unavailable)
rCorr   .          Rampage  .   (gloves unavailable)
Will    ++...                   (boots unavailable)
Stlth   ++........              (no amulet)
HPRegen 1.08/turn               (no ring)
MPRegen 0.10/turn               (no ring)

@: lethally poisoned (-4 -> -8), strong-willed, regenerating, quick
A: very small, claws 1, fangs 3, see invisible, speed 1, shaggy fur 1, stealthy
paws, no weapons or thrown items, no armour, multi-lived, dopey 1, noise
suppression
a: Renounce Religion, Berserk, Trog's Hand


You were on level 4 of the Dungeon.
You worshipped Trog.
Trog was pleased with you.
You visited 1 branch of the dungeon, and saw 4 of its levels.

You collected 211 gold pieces.

Inventory:

Jewellery
 l - a ring of flight
Scrolls
 c - a scroll of noise
 f - a scroll of blinking
 h - 2 scrolls of amnesia
 j - 3 scrolls of teleportation
 m - a scroll of fear
Potions
 a - a potion of degeneration
 b - a potion of curing
 d - 2 potions of flight
 g - a potion of mutation
 k - a potion of resistance {unknown}
 n - 2 potions of berserk rage {unknown}


   Skills:
 + Level 4.0 Fighting
 + Level 5.4 Dodging
 + Level 2.6 Stealth
 * Level 4.8 Unarmed Combat


You had 4 spell levels left.
You didn't know any spells.
Your spell library was empty.

Dungeon Overview and Level Annotations

Branches:
Dungeon (4/15)
 Temple: D:4-7

Altars:

Shops:
D:3 =


Innate Abilities, Weirdness & Mutations

You have sharp claws.
You have razor-sharp teeth.
You have supernaturally acute eyesight. (SInv)
You cover ground quickly. (Speed+)
You are covered in fur. (AC +1)
Your paws help you pounce on unaware monsters.
You are incapable of wielding weapons or throwing items.
You cannot wear armour.
You gain extra lives every three experience levels.
You are dopey. (Int -2)
You passively dampen the noise of your surroundings.


Message History

The scorpion poisons you!
You scratch the scorpion.
The scorpion is moderately wounded.
You feel very sick. The scorpion misses you.
You barely miss the scorpion.
The scorpion is moderately wounded.
You feel sick. The scorpion closely misses you.
You barely miss the scorpion.
The scorpion is moderately wounded.
You feel sick. The scorpion completely misses you.
You closely miss the scorpion.
The scorpion is moderately wounded.
You feel sick. The scorpion misses you.
You barely miss the scorpion.
The scorpion is moderately wounded.
The scorpion stings you.
You are too injured to fight recklessly!
You are too injured to fight recklessly!
You are too injured to fight recklessly!
You are too injured to fight recklessly!
You are too injured to fight recklessly!
You are too injured to fight recklessly!
A scorpion is nearby!
Your skin crawls.
You feel strong-willed.
You feel sick. The scorpion stings you.
* * * LOW HITPOINT WARNING * * *
You are lethally poisoned!
The scorpion poisons you!
You claw the scorpion!
The scorpion is severely wounded.
* * * LOW HITPOINT WARNING * * *
You feel very sick. The scorpion completely misses you.
You closely miss the scorpion.
The scorpion is severely wounded.
* * * LOW HITPOINT WARNING * * *
You feel sick. The scorpion stings you.
You die...

#.###########...##.# #.#
#.....#.# #.# ##...##.#######.
#.# #..>...........#. #.########
#..###.#######... .......†.# #..#
#.# #.# #.##..##.#
#..###.########.# #.##..##.#
##.......(.....#.# #......#.#
#....@##.#####.#.#
####...#.##.....s.#.# ##..#.#
###....#.#..........###.>...#####
.........+.....).................
###......#..........###...#######
##.######.......#....>..### # #.#
##.....######.....# # #.# ##...##
#####<# # #)# #+# #.# #


You could see a scorpion.

Vanquished Creatures
  A scorpion (D:4)
  A jelly (D:3)
  An iguana (D:4)
  6 adders
  A white imp (D:3)
  2 dart slugs
  5 bats
  6 endoplasms
  4 giant cockroaches
  6 goblins
  8 hobgoblins
  2 jackals (D:1)
  3 quokkas (D:1)
  8 ball pythons
  2 frilled lizards (D:1)
  7 kobolds
  7 rats
70 creatures vanquished.

Vanquished Creatures (others)
  4 toadstools (D:1)
4 creatures vanquished.

Grand Total: 74 creatures vanquished

Notes
Turn   | Place    | Note
-------+----------+-------------------------------------------
     0 | D:1      | Persephone the Felid Berserker began the quest for the Orb.
     0 | D:1      | Reached XP level 1. HP: 10/10 MP: 2/2
   311 | D:1      | Reached XP level 2. HP: 14/14 MP: 3/3
   559 | D:1      | Reached XP level 3. HP: 14/17 MP: 4/4
   851 | D:1      | Reached ** piety under Trog
  1943 | D:2      | Noticed a great orb of eyes
  1946 | D:2      | Found a faded altar of an unknown god.
  1948 | D:2      | Noticed a great orb of eyes
  1948 | D:2      | Noticed a golden eye
  1948 | D:2      | Noticed a golden eye
  1959 | D:2      | Reached XP level 4. HP: 19/21 MP: 5/5
  2096 | D:3      | Reached skill level 1 in Stealth
  2302 | D:3      | Found Jinouf's Jewellery Boutique.
  2343 | D:3      | Splashed by a jelly's acid
  2344 | D:3      | Reached XP level 3. HP: -1/17 MP: 4/4
  2348 | D:3      | Reached XP level 4. HP: 20/22 MP: 5/5
  2397 | D:3      | Reached skill level 5 in Dodging
  3171 | D:3      | Gained mutation: You are dopey. (Int -2) [potion of
                  | mutation]
  3171 | D:3      | Gained mutation: You passively dampen the noise of your
                  | surroundings. [potion of mutation]
  3373 | D:4      | Noticed a scorpion
  3380 | D:4      | Killed a scorpion
  3381 | D:4      | Reached XP level 5. HP: 25/25 MP: 6/6
  3548 | D:4      | Slain by a scorpion

Illustrated notes

Levels and vault maps discovered:
D:1:      ldierk_water_garden, layout_basic, minmay_ruptured
D:2:      layout_rooms, hellmonk_ecumenical_altar_watching_god
D:3:      layout_loops_ring, serial_shops, shop, guppyfry_early_lair_pool
D:4:      layout_loops_corners, mrwooster_statue_mirror

Skill      XL: |  1  2  3  4  5 |
---------------+----------------+-----
Unarmed Combat | 4 |  4.8
Stealth        | 2 |  2.6
Dodging        | 5 |  5.4
Fighting       | 4 |  4.0

Action                   |  1- 3 |  4- 6 || total
-------------------------+-------+-------++-------
Melee: Unarmed           |   122 |    64 ||   186
       Bite              |    11 |     3 ||    14
       Punch             |     1 |     1 ||     2
Invok: Berserk           |     4 |     2 ||     6
       Trog's Hand       |       |     1 ||     1
  Use: Scroll            |       |    11 ||    11
       Potion            |       |     1 ||     1
 Stab: Sleeping          |     3 |     9 ||    12
Armor: Skin              |     8 |     5 ||    13
Dodge: Dodged            |   104 |    37 ||   141
